 Dungeon Sprint DCSS version 0.22-a0-848-ge9e22a0 (webtiles) character file.

4648 protoss039 the Cleaver (level 10, -12/156 HPs)
             Began as a Minotaur Fighter on July 26, 2018.
             Was a Follower of Okawaru.
             Mangled by a deep troll (16 damage)
             ... in the Dungeon (Sprint II: "The Violet Keep of Menkaure").
             The game lasted 00:09:50 (895 turns).

protoss039 the Cleaver (Minotaur Fighter)            Turns: 895, Time: 00:09:51

Health: -12/156    AC: 18    Str: 27    XL:     10   Next: 20%
Magic:  8/9        EV:  9    Int:  3    God:    Okawaru [*.....]
Gold:   377        SH: 14    Dex: 12    Spells: 9/9 levels left

rFire    . . .     SeeInvis .   a - +0 war axe
rCold    + . .     Gourm    .   c - +0 shield
rNeg     . . .     Faith    .   d - +2 plate armour {rC+}
rPois    .         Spirit   .   (helmet restricted)
rElec    .         Reflect  .   (no cloak)
rCorr    .         Harm     .   (no gloves)
MR       .....     NoTele   +   (no boots)
Stlth    ..........             (no amulet)
HPRegen  0.36/turn              (no ring)
MPRegen  0.11/turn              (no ring)

@: berserking (expiring), very quick
A: retaliatory headbutt, horns 2, blurry vision 1, dopey 1, low mp 1
a: Heroism, Renounce Religion


You were in the Dungeon.
You worshipped Okawaru.
Okawaru was aware of your devotion.
You were not hungry.

You visited 1 branch You collected 1053 gold pieces.
You spent 676 gold pieces at shops.

Inventory:

Hand Weapons
 a - a +0 war axe (weapon)
Armour
 c - a +0 shield (worn)
 d - a +2 plate armour of cold resistance (worn)
Scrolls
 k - a scroll of blinking
Potions
 g - a potion of heal wounds
 i - 2 potions of magic
Comestibles
 b - 6 chunks of flesh
 f - a ration


   Skills:
 + Level 14.6 Fighting
 + Level 14.8 Axes
 + Level 13.9 Armour
 - Level 3.4 Dodging
 - Level 0.4 Stealth
 + Level 13.1 Shields
 * Level 2.7 Invocations


You had 9 spell levels left.
You didn't know any spells.
Your spell library was empty.

Dungeon Overview and Level Annotations

Branches:
Dungeon (1/1)

Altars:
Cheibriados
Dithmenos
Elyvilon
Fedhas
Gozag
Hepliaklqana
Kikubaaqudgha
Makhleb
Nemelex Xobeh
Okawaru
Qazlal
Ru
Sif Muna
Trog
Uskayaw
Vehumet
Wu Jian
Xom
Yredelemnul
Zin
The Shining One
Beogh
Jiyva
Lugonu

Shops:
D }:![%:=[((!!?=:%

Annotations:
D exclusions: oklob plant and orange crystal statue


Innate Abilities, Weirdness & Mutations

You reflexively headbutt those who attack you in melee.
You have a pair of horns on your head.
Scrolls take you a little longer to read.
You are dopey. (Int -2)
Your magical capacity is low. (-10% MP)


Message History

a +0 troll leather armour; 27 gold pieces; a deep troll corpse Unknown command.
Your plate armour prevents you from hitting the deep troll.
The deep troll is heavily wounded.
You hit the deep troll. Your headbutt misses the deep troll.
The deep troll is heavily wounded.
The deep troll bites you but does no damage.
You block the deep troll's attack. x2
You hit the deep troll.
The deep troll is severely wounded.
You closely miss the deep troll.
The deep troll is severely wounded.
You block the deep troll's attack. x2; The deep troll claws you!
* * * LOW HITPOINT WARNING * * *
You hit the deep troll. Your headbutt misses the deep troll.
The deep troll is severely wounded.
Your shield prevents you from hitting the deep troll.
The deep troll is severely wounded.
The deep troll bites you!
You die...

##)#▓([%%$$($▓▓
..##▓▓▓▓▓▓▓+▓▓▓▓+
≈≈≈≈≈≈≈≈≈≈≈...≈≈≈
'########'###.≈≈
..._._._#≈§≈##
_._._._.#§≈§§####▓▓
._._._._#§≈§≈§##$$#
_._._._.#§§§§§≈#$.#
._._._..#≈§§§≈≈§@$+
_._._...#≈≈§§§§#T.#
._._....#§§≈§≈≈▓$$#
.._.....#≈§§≈▓▓▓▓▓▓
#########≈§§≈▓
≈≈≈≈≈≈≈≈§≈§≈≈▓
#####§▓▓▓▓ #▓


You could see a deep troll.

Vanquished Creatures
  A deep troll (D)
  A merfolk siren (D)
  A yaktaur (D)
  5 polar bears (D)
  A hornet (D)
  3 slime creatures (D)
  2 hippogriffs (D)
  Menkaure (D)
  3 neqoxecs (D)
  3 soldier ants (D)
  4 necrophages (D)
  3 crocodiles (D)
28 creatures vanquished.

Vanquished Creatures (others)
  A neqoxec (D)
  A crocodile (D)
  4 tentacles (D)
6 creatures vanquished.

Grand Total: 34 creatures vanquished

Notes
Turn   | Place    | Note
-------+----------+-------------------------------------------
     0 | D        | protoss039 the Minotaur Fighter began the quest for the Orb.
     0 | D        | Reached XP level 1. HP: 19/19 MP: 0/0
     1 | D        | Noticed a necrophage
     1 | D        | Noticed a necrophage
     1 | D        | Noticed a necrophage
     1 | D        | Noticed a necrophage
     9 | D        | Killed a necrophage
     9 | D        | Reached XP level 2. HP: 23/31 MP: 1/1
     9 | D        | Reached XP level 3. HP: 29/38 MP: 2/2
     9 | D        | Reached XP level 4. HP: 34/45 MP: 3/3
    11 | D        | Killed a necrophage
    11 | D        | Reached skill level 5 in Axes
    11 | D        | Reached XP level 5. HP: 41/53 MP: 4/4
    16 | D        | Killed a necrophage
    17 | D        | Killed a necrophage
    17 | D        | Reached XP level 6. HP: 43/63 MP: 5/5
    28 | D        | Noticed a merfolk siren
    34 | D        | Killed a merfolk siren
    34 | D        | Reached skill level 10 in Fighting
    34 | D        | Reached skill level 10 in Shields
    34 | D        | Reached XP level 7. HP: 36/72 MP: 6/6
    44 | D        | Noticed a neqoxec
    45 | D        | Noticed a neqoxec
    45 | D        | Gained mutation: You are dopey. (Int -2) [a neqoxec]
    47 | D        | Killed a neqoxec
    47 | D        | Reached skill level 1 in Dodging
    49 | D        | Gained mutation: Scrolls take you a little longer to read. [a neqoxec]
    50 | D        | Killed a neqoxec
    52 | D        | Noticed a neqoxec
    52 | D        | Noticed a neqoxec
    56 | D        | Gained mutation: Your magical capacity is low. (-10% MP) [a neqoxec]
    57 | D        | Killed a neqoxec
    57 | D        | Reached XP level 8. HP: 47/82 MP: 6/6
    62 | D        | Noticed a hippogriff
    62 | D        | Noticed a hippogriff
    66 | D        | Killed a hippogriff
    71 | D        | Killed a hippogriff
    79 | D        | Noticed an orange crystal statue
   273 | D        | Found Gaiga's Magic Scroll Boutique.
   273 | D        | Found Pacismom's Book Boutique.
   273 | D        | Found Giefak's Distillery.
   274 | D        | Found Vediopocs's Food Shop.
   275 | D        | Found Vischu's Distillery.
   275 | D        | Found Poeseips's Antique Weapon Boutique.
   275 | D        | Found Kugha's Antique Weapon Shop.
   275 | D        | Found Dituqury's Antique Armour Boutique.
   276 | D        | Found Guwnetei's Book Boutique.
   276 | D        | Found Amuifyu's Food Shop.
   276 | D        | Noticed a fire dragon
   277 | D        | Found Genice's Jewellery Shop.
   277 | D        | Found Woaciece's Jewellery Boutique.
   277 | D        | Noticed a spiny frog
   278 | D        | Found Ezeacim's Antique Armour Boutique.
   278 | D        | Found Zutusky's Distillery.
   278 | D        | Noticed Menkaure
   278 | D        | Noticed an oklob plant
   278 | D        | Noticed a spiny frog
   279 | D        | Found Kuithrad's Book Shoppe.
   279 | D        | Found Tuimusch's Gadget Boutique.
   293 | D        | Killed Menkaure
   293 | D        | Reached skill level 10 in Axes
   313 | D        | Bought a glowing plate armour for 676 gold pieces
   366 | D        | Found a glowing golden altar of the Shining One.
   366 | D        | Found an ornate altar of the Wu Jian Council.
   367 | D        | Found a shimmering altar of Xom.
   367 | D        | Found a sacrificial altar of Ru.
   368 | D        | Found a basalt altar of Yredelemnul.
   368 | D        | Found a deep blue altar of Sif Muna.
   368 | D        | Found a stormy altar of Qazlal.
   368 | D        | Found a viscous altar of Jiyva.
   369 | D        | Found a glowing silver altar of Zin.
   369 | D        | Found a bloodstained altar of Trog.
   369 | D        | Found an ancient bone altar of Kikubaaqudgha.
   370 | D        | Found a hide-covered altar of Uskayaw.
   370 | D        | Found a corrupted altar of Lugonu.
   370 | D        | Found a shadowy altar of Dithmenos.
   371 | D        | Found a radiant altar of Vehumet.
   371 | D        | Found a burning altar of Makhleb.
   371 | D        | Found a white marble altar of Elyvilon.
   372 | D        | Found a sparkling altar of Nemelex Xobeh.
   372 | D        | Found a blossoming altar of Fedhas.
   376 | D        | Noticed a polar bear
   377 | D        | Noticed a polar bear
   384 | D        | Killed a polar bear
   385 | D        | Killed a polar bear
   398 | D        | Noticed a slime creature
   398 | D        | Noticed a slime creature
   398 | D        | Noticed a slime creature
   406 | D        | Killed a slime creature
   406 | D        | Reached XP level 9. HP: 49/92 MP: 7/7
   423 | D        | Noticed a deep elf master archer
   462 | D        | Found an iron altar of Okawaru.
   462 | D        | Found an opulent altar of Gozag.
   463 | D        | Noticed a yaktaur
   463 | D        | Noticed a polar bear
   463 | D        | Noticed a polar bear
   463 | D        | Noticed a polar bear
   472 | D        | Killed a polar bear
   477 | D        | Killed a polar bear
   491 | D        | Killed a polar bear
   506 | D        | Killed a yaktaur
   506 | D        | Reached XP level 10. HP: 20/103 MP: 8/8
   818 | D        | Found a hazy altar of Hepliaklqana.
   818 | D        | Found a snail-covered altar of Cheibriados.
   819 | D        | Found a roughly hewn altar of Beogh.
   827 | D        | Became a worshipper of Warmaster Okawaru
   842 | D        | Noticed a kraken
   859 | D        | Reached skill level 1 in Invocations
   879 | D        | Noticed a deep troll
   879 | D        | Noticed a deep troll
   888 | D        | Killed a deep troll
   888 | D        | Reached * piety under Okawaru
   893 | D        | HP: 4/156 [deep troll (11)]
   895 | D        | Mangled by a deep troll

Vault maps used:
D:        the_violet_keep_of_menkaure

Skill      XL: |  1  2  3  4  5  6  7  8  9 10 |
---------------+-------------------------------+-----
Fighting       | 6 7 9 10 11 13 14 | 14.6
Axes           | 4 5 6 7 8 11 14 | 14.8
Armour         | 6 8 9 11 13 | 13.9
Shields        | 6 7 9 10 11 12 13 | 13.1
Dodging        | 1 2 3 |  3.4
Invocations    | 2 |  2.7
Stealth        | |  0.4

Action                   |  1- 3 |  4- 6 |  7- 9 | 10-12 || total
-------------------------+-------+-------+-------+-------++-------
Melee: War axe           |     6 |    13 |   101 |    34 ||   154
       Headbutt          |     1 |     3 |    27 |     3 ||    34
  Use: Potion            |     1 |       |     2 |     1 ||     4
Armor: Scale mail        |     2 |     4 |     6 |       ||    12
       Plate armour      |       |       |    36 |    11 ||    47
Dodge: Dodged            |     2 |     1 |    26 |     4 ||    33
Block: Shield            |     2 |     3 |    44 |    28 ||    77

Table legend:
 A = Spawn XP
 B = Non-spawn XP
 C = Spawn XP percentage of total XP
 D = Spawn monster count
 E = Non-spawn monster count
 F = Spawn count percentage of total count
 G = Total turns spent on level
                    A         B        C        D         E        F      G
               +---------+---------+-------+---------+---------+-------+---------
         Total |       0 |    6640 |   0.0 |       0 |      28 |   0.0 |   895
               +---------+---------+-------+---------+---------+-------+---------
             D |       0 |    6640 |   0.0 |       0 |      28 |   0.0 |   895
               +---------+---------+-------+---------+---------+-------+---------
